 Dungeon Crawl Stone Soup version 0.30.1-11-g7821555f0a (webtiles) character file.

Game seed: 7523645526171613147

22744 Peloso the Carver (level 12, -8/110 HPs)
             Began as a Minotaur Fighter on Dec 21, 2023.
             Was a High Priest of Okawaru.
             Mangled by an Executioner (17 damage)
             ... on level 1 of the Abyss.
             The game lasted 00:20:43 (9838 turns).

Peloso the Carver (Minotaur Fighter)                Turns: 9838, Time: 00:20:43

Health: -8/110     AC: 20    Str: 21    XL:     12   Next: 65%
Magic:  13/13      EV: 11    Int:  5    God:    Okawaru [*****.]
Gold:   642        SH:  7    Dex: 15    Spells: 11/11 levels left

rFire   x . .        a - +4 scimitar (spect)
rCold   . . .        d - +0 buckler
rNeg    . . .        m - +1 chain mail
rPois   .            (helmet restricted)
rElec   .            j - +0 cloak
rCorr   .            (no gloves)
SInv    .            c - +0 pair of boots
Will    .....        (no amulet) Stlth
                     g - +4 ring of protection
HPRegen 0.38/turn    (no ring)
MPRegen 0.13/turn

%: random rage (9%)
@: on berserk cooldown, slowed, studying Maces & Flails, very slow
A: horns 2, retaliatory headbutt, [berserk 2], [heat vulnerability 1]
a: Renounce Religion, Heroism, Finesse, Duel


You were on level 1 of the Abyss.
You worshipped Okawaru.
Okawaru was extremely pleased with you.
You visited 2 branches of the dungeon, and saw 11 of its levels.
You visited the Abyss 1 time.

You collected 642 gold pieces.

Inventory:

Hand Weapons
 a - a +4 spectral scimitar (weapon)
 b - a +4 scimitar of flaming
Armour
 c - a +0 pair of boots (worn)
 d - a +0 buckler (worn)
 j - a +0 cloak (worn)
 m - a +1 chain mail (worn)
 B - +0 swamp dragon scales
Jewellery
 g - a +4 ring of protection (left hand)
 q - a ring of magical power
 E - a ring of fire
Wands
 n - a wand of polymorph (12)
 z - a wand of flame (17)
 F - a wand of digging (2)
Scrolls
 e - a scroll of brand weapon
 f - 2 scrolls of poison
 o - 3 scrolls of enchant armour
 r - 2 scrolls of noise
 s - 3 scrolls of teleportation
 w - a scroll of fear
 x - a scroll of immolation
 D - 2 scrolls of identify
Potions
 h - a potion of cancellation
 i - a potion of might
 k - 2 potions of curing
 l - a potion of flight
 v - 2 potions of magic
 C - a potion of invisibility
 G - a potion of brilliance
 H - a potion of berserk rage
 I - a potion of resistance {unknown}


   Skills:
 + Level 11.0 Fighting
 + Level 14.3 Long Blades
 + Level 11.9 Armour
 + Level 6.2 Dodging
 + Level 0.8 Stealth
 + Level 9.9 Shields
 + Level 3.5 Invocations
 + Level 3.0 Evocations


You had 11 spell levels left.
You didn't know any spells.
Your spell library contained the following spells:

 Spells                   Type           Power      Damage    Failure   Level
 Slow                     Hex            0%         N/A       96%         1
 Static Discharge         Conj/Air       0%         2-2/arc   99%         2
 Confusing Touch          Hex            0%         N/A       100%        3
 Ozocubu's Armour         Ice            0%         N/A       100%        3
 Vampiric Draining        Necr           0%         2d6       100%        3
 Airstrike                Air            0%         2d(0-16)  100%        4
 Blade Hands              Tmut           0%         N/A       100%        5
 Metabolic Englaciation   Hex/Ice        0%         N/A       100%        5
 Iron Shot                Conj/Erth      0%         9d1       100%        6
 Animate Armour           Summ/Erth      Unusable   N/A       N/A         4
 Summon Lightning Spire   Summ/Air       Unusable   N/A       N/A         4
 Simulacrum               Ice/Necr       Unusable   N/A       N/A         6

Dungeon Overview and Level Annotations

Branches:
Dungeon (10/15)            Temple (1/1) D:6
   Lair: D:8-11         Orc: D:9-12

Altars:
Ashenzari
Cheibriados
Dithmenos
Elyvilon
Fedhas
Gozag
Hepliaklqana
Kikubaaqudgha
Makhleb
Nemelex Xobeh
Okawaru
Qazlal
Ru
Sif Muna
Trog
Uskayaw
Vehumet
Wu Jian
Xom
Yredelemnul
Zin
The Shining One

Shops:
D:2 [

Annotations:
D:10 Sonja


Innate Abilities, Weirdness & Mutations

You have a pair of horns on your head.
You reflexively headbutt those who attack you in melee.
[You have an uncontrollable temper.]
[You are vulnerable to heat. (rF-)]


Message History

The worldbinder is heavily damaged.
Your +4 spectral scimitar hits the worldbinder.
The worldbinder closely misses you. You furiously retaliate!
You headbutt the worldbinder! The worldbinder hits you.
* * * LOW HITPOINT WARNING * * *
Unknown command.
You slash the worldbinder!
You destroy the worldbinder!
Okawaru accepts your kill.
The wolf spider disappears in a puff of smoke!
Your +4 spectral scimitar disappears.
You feel the corruption within you wane somewhat.
You feel less vulnerable to heat.
You no longer become unable to read scrolls after taking damage.
Your Fighting skill increases to level 11!
Your Evocations skill increases to level 3!
You feel a strong urge to attack something.
You feel your anger nearly subside.
You are no longer berserk.
You are exhausted.
You feel yourself slow down.
Found a gateway leading deeper into the Abyss.
The Executioner gives a hideous shriek!
The Executioner hits you.
* * * LOW HITPOINT WARNING * * *
The Executioner hits you.
* * * LOW HITPOINT WARNING * * *
The Executioner hits you but does no damage.
You block the Executioner's attack.
The Executioner hits you but does no damage.
The Executioner hits you.
* * * LOW HITPOINT WARNING * * *
There is a gateway leading deeper into the Abyss, spattered with blood here.
You slash the Executioner!
The Executioner is lightly wounded.
Your +4 spectral scimitar hits the Executioner.
The Executioner hits you but does no damage. x2
The Executioner hits you.
* * * LOW HITPOINT WARNING * * *
The Executioner hits you!
You die...

....#. .# ...... ..
#.... ###### .# ...#
...# #.. . #..##.#.# .
. #. ##..#..# ...
#.###......## #.. #
#......## . ##...#
#...#@(...#.##.#.#..##
#.. #1#.###.##.#.....#
#.. ...##..# .##...#
... #.#.# #.# ....##..
.. #..## #...#...# ##
. . # ...###.# # ##
#.###...#..#.# # #.
.#....#.## #.#.#..
#....


You could see an Executioner and a friendly +4 spectral scimitar.

Vanquished Creatures
  A tentacled starspawn (Abyss:1)
  Erica (D:10)
  A hell hog (Abyss:1)
  A thrashing horror (Abyss:1)
  A wretched star (Abyss:1)
  A cyclops (D:9)
  A worldbinder (Abyss:1)
  Maggie (D:7)
  A gargoyle (D:8)
  A slime creature (D:9)
  A raiju (Abyss:1)
  19 yaks
  A large abomination (Abyss:1)
  A ynoxinul (Abyss:1)
  3 wyverns
  A small abomination (Abyss:1)
  A basilisk (D:10)
  2 steam dragons
  A vampire mosquito (D:9)
  5 water moccasins
  Duvessa (D:5)
  An ice beast (D:5)
  3 orc warriors
  2 ogres
  4 centaurs
  A kobold brigand (D:9)
  3 bullfrogs
  6 scorpions
  A gnoll sergeant (D:8)
  8 wights
  Dowan (D:5)
  10 killer bees
  9 howler monkeys
  3 jellies
  A gnoll bouda (D:9)
  4 hounds
  An orc priest (D:9)
  Terence (D:3)
  5 iguanas
  2 orc wizards
  14 gnolls
  10 adders
  2 shadow imps
  3 white imps
  7 ufetubi
  4 worms
  A dart slug (D:4)
  11 orcs
  2 endoplasms
  3 giant cockroaches
  10 goblins
  5 hobgoblins
  4 quokkas
  4 ball pythons
  6 bats
  5 frilled lizards
  10 kobolds
  5 rats
  A lurking horror (Abyss:1)
219 creatures vanquished.

Vanquished Creatures (others)
  2 starspawn tentacles (Abyss:1)
2 creatures vanquished.

Grand Total: 221 creatures vanquished

Notes
Turn   | Place    | Note
-------+----------+-------------------------------------------
     0 | D:1      | Peloso the Minotaur Fighter began the quest for the Orb.
     0 | D:1      | Reached XP level 1. HP: 19/19 MP: 0/0
   354 | D:1      | Reached XP level 2. HP: 25/27 MP: 1/1
   784 | D:2      | Reached skill level 3 in Long Blades
   941 | D:2      | Reached XP level 3. HP: 31/33 MP: 2/2
   988 | D:2      | Found Zifumoveo's Antique Armour Shop.
  1096 | D:2      | Reached XP level 4. HP: 40/40 MP: 3/3
  1870 | D:3      | Noticed Terence
  1881 | D:3      | Killed Terence
  2002 | D:3      | Found a radiant altar of Vehumet.
  2067 | D:3      | Reached skill level 4 in Long Blades
  2067 | D:3      | Reached XP level 5. HP: 46/46 MP: 4/4
  2195 | D:3      | Reached skill level 5 in Shields
  2446 | D:4      | Reached skill level 5 in Armour
  2499 | D:4      | Found an opulent altar of Gozag.
  2627 | D:4      | Found a sacrificial altar of Ru.
  2810 | D:4      | Reached skill level 1 in Dodging
  2810 | D:4      | Reached XP level 6. HP: 52/53 MP: 5/5
  2869 | D:4      | Found a glowing silver altar of Zin.
  2869 | D:4      | Found an ornate altar of the Wu Jian Council.
  2954 | D:5      | Entered Level 5 of the Dungeon
  2973 | D:5      | Noticed a yak
  2995 | D:5      | Killed a yak
  2996 | D:5      | Reached skill level 5 in Long Blades
  3075 | D:5      | Noticed a steam dragon
  3102 | D:5      | Killed a steam dragon
  3103 | D:5      | Reached XP level 7. HP: 32/60 MP: 6/6
  3120 | D:5      | Reached skill level 5 in Fighting
  3120 | D:5      | Reached skill level 6 in Long Blades
  3277 | D:5      | Noticed a yak
  3278 | D:5      | Noticed a yak
  3279 | D:5      | Noticed a yak
  3279 | D:5      | Noticed a yak
  3279 | D:5      | Noticed a yak
  3294 | D:5      | Killed a yak
  3308 | D:5      | Killed a yak
  3314 | D:5      | Killed a yak
  3315 | D:5      | Reached skill level 7 in Long Blades
  3315 | D:5      | Reached XP level 8. HP: 61/69 MP: 7/7
  3324 | D:5      | Reached skill level 8 in Long Blades
  3633 | D:6      | Identified the +5 battleaxe "Xorha" {freeze, rElec Dex+5}
  4044 | D:6      | Found a staircase to the Ecumenical Temple.
  4050 | Temple   | Entered the Ecumenical Temple
  4174 | Temple   | Became a worshipper of Warmaster Okawaru
  4248 | D:6      | Reached skill level 9 in Long Blades
  4532 | D:6      | Reached XP level 9. HP: 78/78 MP: 8/8
  4553 | D:6      | Reached * piety under Okawaru
  5151 | D:7      | Noticed Maggie
  5168 | D:7      | Killed Maggie
  5664 | D:7      | Reached skill level 10 in Long Blades
  5721 | D:8      | Reached ** piety under Okawaru
  5952 | D:8      | Found a sparkling altar of Nemelex Xobeh.
  5954 | D:8      | Found an ancient bone altar of Kikubaaqudgha.
  6255 | D:8      | Reached XP level 10. HP: 83/86 MP: 9/9
  6268 | D:8      | Reached *** piety under Okawaru
  6269 | D:8      | Reached skill level 11 in Long Blades
  6372 | D:8      | Noticed a gargoyle
  6377 | D:8      | Found a hazy altar of Hepliaklqana.
  6384 | D:8      | Killed a gargoyle
  6385 | D:8      | Found a faded altar of an unknown god.
  7017 | D:5      | Noticed Duvessa
  7017 | D:5      | Noticed Dowan
  7037 | D:5      | Killed Dowan
  7040 | D:5      | Killed Duvessa
  7992 | D:9      | Reached skill level 12 in Long Blades
  7999 | D:9      | Found a blossoming altar of Fedhas.
  8125 | D:9      | Found a shimmering altar of Xom.
  8125 | D:9      | Found a hide-covered altar of Uskayaw.
  8258 | D:9      | Reached skill level 10 in Armour
  8267 | D:9      | Reached **** piety under Okawaru
  8378 | D:9      | Noticed a cyclops
  8385 | D:9      | Reached skill level 1 in Invocations
  8396 | D:9      | Killed a cyclops
  8558 | D:9      | Found an ornate altar of the Wu Jian Council.
  8918 | D:9      | Found a stormy altar of Qazlal.
  8918 | D:9      | Found a glowing golden altar of the Shining One.
  8938 | D:10     | Entered Level 10 of the Dungeon
  9108 | D:10     | Noticed Erica
  9119 | D:10     | Killed Erica
  9119 | D:10     | Reached ***** piety under Okawaru
  9120 | D:10     | Reached XP level 11. HP: 60/95 MP: 10/10
  9369 | D:10     | Noticed Sonja
  9381 | Abyss:1  | Cast into level 1 of the Abyss (Sonja)
  9422 | Abyss:1  | Noticed a wretched star
  9433 | Abyss:1  | Killed a wretched star
  9434 | Abyss:1  | Reached skill level 10 in Fighting
  9434 | Abyss:1  | Reached skill level 13 in Long Blades
  9514 | Abyss:1  | Noticed a tentacled starspawn
  9524 | Abyss:1  | Killed a tentacled starspawn
  9525 | Abyss:1  | Reached skill level 5 in Dodging
  9525 | Abyss:1  | Reached skill level 1 in Evocations
  9531 | Abyss:1  | Reached XP level 12. HP: 64/108 MP: 10/13
  9549 | Abyss:1  | Found a corrupted altar of Lugonu.
  9656 | Abyss:1  | Found an ancient bone altar of Kikubaaqudgha.
  9661 | Abyss:1  | Noticed a starcursed mass
  9685 | Abyss:1  | Reached skill level 14 in Long Blades
  9731 | Abyss:1  | Noticed a hell hog
  9743 | Abyss:1  | Killed a hell hog
  9781 | Abyss:1  | Noticed an Executioner
  9838 | Abyss:1  | Mangled by an Executioner

Illustrated notes

Levels and vault maps discovered:
D:1:      saegor_arrival_under_anarchy, layout_basic
D:2:      layout_loops_corners, serial_shops, shop
D:3:      layout_rooms, mainiacjoe_overflow_concentric_impassable, uniq_terence
D:4:      layout_cave_pools, general_overflow_altar,
          nicolae_gozag_cash_rules_everything_around_me,
          gammafunk_temple_overflow_wave, minmay_close_crescents
D:5:      minmay_recursive_quarters, layout_basic, uniq_duvessa
D:6:      layout_cave_pools, minmay_temple_entry_enclosed_plants, st_stairs_10,
          dk_noncrumbling_3, ebering_dispersal_statue_hall
D:7:      layout_rooms, lemuel_flamethrower_2, uniq_maggie
D:8:      layout_basic, mainiacjoe_overflow_large_starburst,
          beargit_hepliaklqana_dungeon_heroes, minmay_manual_mares
D:9:      layout_loops_ring, nicolae_overflow_crystal_walls,
          mainiacjoe_overflow_alcove_3, minmay_ruined_shrine
D:10:     minmay_stone_box, layout_gridville, minmay_lair_entry_grove,
          uniq_erica, uniq_sonja
Temple:   nicolae_temple_figure_zero
Abyss:1:  base:
D:7

Skill      XL: |  1  2  3  4  5  6  7  8  9 10 11 12 |
---------------+-------------------------------------+-----
Long Blades    | 3 4 5 7 9 10 12 13 14 | 14.3
Shields        | 4 5 6 7 8 9 |  9.9
Fighting       | 4 5 6 7 8 10 11 | 11.0
Armour         | 4 5 6 7 9 10 11 | 11.9
Dodging        | 1 2 3 4 6 |  6.2
Invocations    | 1 3 |  3.5
Evocations     | 2 3 |  3.0
Stealth        | |  0.8

Action                     |  1- 3 |  4- 6 |  7- 9 | 10-12 || total
---------------------------+-------+-------+-------+-------++-------
  Melee: Long sword        |    69 |   158 |   137 |       ||   364
         Headbutt          |    11 |    17 |    41 |    70 ||   139
         Scimitar          |       |       |   107 |   289 ||   396
         Falchion          |       |       |     7 |       ||     7
 Invoke: Heroism           |       |       |     1 |     6 ||     7
  Evoke: Wand              |       |       |     4 |     4 ||     8
    Use: Potion            |     5 |       |     2 |     5 ||    12
         Scroll            |       |     5 |     3 |    13 ||    21
 Armour: Scale mail        |    34 |     5 |       |       ||    39
         Chain mail        |       |   118 |   141 |   103 ||   362
  Dodge: Dodged            |    30 |    66 |   122 |    93 ||   311
  Block: Buckler           |     9 |    51 |    97 |    69 ||   226
